 Dungeon Crawl Stone Soup version 0.30-a0-1114-gd936c97349 (webtiles) character file.

Game seed: 16318675475665461399

138 kae the Ruffian (level 5, -2/40 HPs)
             Began as a Draconian Transmuter on Apr 20, 2023.
             Slain by an iguana (13 damage)
             ... on level 4 of the Dungeon.
             The game lasted 00:02:52 (2832 turns).

kae the Ruffian (Draconian Transmuter)              Turns: 2832, Time: 00:02:53

Health: -2/40      AC:  2    Str: 12    XL:     5   Next: 1%
Magic:  6/8        EV: 19    Int: 16    God:
Gold:   170        SH:  0    Dex: 16    Spells: 3/9 levels left

rFire   . . .      SeeInvis .      - Unarmed
rCold   . . .      Faith    .    (shield currently unavailable)
rNeg    . . .      Spirit   .    (body armour unavailable)
rPois   x          Reflect  .    (helmet currently unavailable)
rElec   .          Rampage  .    (cloak currently unavailable)
rCorr   .                        (gloves currently unavailable)
Will    +....                    (boots currently unavailable)
Stlth   +                        (no amulet)
HPRegen 0.26/turn                g - ring of willpower
MPRegen 0.11/turn                (no ring)

@: spider-form (expiring)
A: venomous fangs, AC +5, tiny, unfitting armour, (cold-blooded)
a: End Transformation


You were on level 4 of the Dungeon.
You were a venomous arachnid creature.
You visited 1 branch of the dungeon, and saw 4 of its levels.

You collected 170 gold pieces.


Innate Abilities, Weirdness & Mutations

You are a venomous arachnid creature.
You have venomous fangs.
You are tiny and dextrous.
Your spellcasting is less reliable in this form.
Your armour is entirely melded.
You are incapable of wielding weapons or throwing items.
((Your plain brown scales are hard. (AC +5)))
You cannot fit into any form of body armour.
((You are cold-blooded and may be slowed by cold attacks.))


   Skills:
 - Level 1.1 Fighting
 - Level 1.7 Dodging
 + Level 3.6 Unarmed Combat
 + Level 2.6 Spellcasting
 * Level 3.5 Transmutations
 * Level 2.1 Poison Magic


You had 3 spell levels left.
You knew the following spells:

 Your Spells              Type           Power      Damage    Failure   Level
a - Beastly Appendage     Tmut           26%        N/A       14%         1
b - Wereblood             Tmut           13%        N/A       19%         2
c - Spider Form           Tmut/Pois      11%        N/A       38%         3

Your spell library contained the following spells:

 Spells                   Type           Power      Damage    Failure   Level
 Passwall                 Tmut/Erth      5%         N/A       32%         2
 Ensorcelled Hibernation  Hex/Ice        4%         N/A       52%         2
 Swiftness                Air            2%         N/A       73%         3
 Tukima's Dance           Hex            2%         N/A       73%         3
 Ice Form                 Ice/Tmut       7%         N/A       85%         4
 Passage of Golubria      Tloc           2%         N/A       97%         4
 Yara's Violent Unravell  Hex/Tmut       3%         3d4       99%         5

Inventory:

Missiles
 b - 40 stones
 f - 3 poisoned darts
 i - 3 boomerangs
Jewellery
 g - a ring of willpower (left front pincers)
   (You found it on level 1 of the Dungeon)
Scrolls
 c - 2 scrolls of identify {@r1}
 d - a scroll of immolation {!r!r}
 e - 3 scrolls of teleportation {@r4}
 j - a scroll of enchant weapon {unknown}
Potions
 a - 2 potions of lignification {!q}
 h - a potion of curing {@q1}
 k - a potion of heal wounds {@q2}

Dungeon Overview and Level Annotations

Branches:
Dungeon (4/15) Zot: 21175
 Temple: D:4-7

Altars:
Dithmenos

#......# #...... #......#
#.##.........
#......###...#...........
.........................
#####.########..........#
#..## #..........#
##..######..........#
##................#
#########.s......##
#...l......# #..........#
#....?.....# #..........#
#..........# ##........##
##......## ########


You could see an iguana (extremely poisoned).


Message History

Done exploring.
Done exploring.
Done exploring.
As you read the scroll labelled TIX QIS XEVIA, it crumbles to dust.
You feel momentarily disoriented.
It was a scroll of magic mapping.
Unknown command.
As you read the scroll of identify {@r1}, it crumbles to dust.
k - a potion of heal wounds
As you read the scroll of identify {@r1}, it crumbles to dust.
h - a potion of curing
Okay, then.
Okay, then.
(D) Dungeon
Where to? (Enter - D:3, ? - help)
There is a stone staircase leading down here.
You climb downwards.
The hobgoblin shouts!
The endoplasm quivers.
There is a stone staircase leading up here.
There are monsters nearby!
Casting: Beastly Appendage (safe; 4% risk of failure)
Confirm with . or Enter, or press ? or * to list all spells.
The spell is quite dangerous to miscast (19% risk of failure)!
Continue anyway? [Y]es or [N]o only, please.
The spell is quite dangerous to miscast (19% risk of failure)!
Continue anyway?
You turn into a venomous arachnid creature. 😎 MP[-3]
You lost 3 mp, and now have 4/7 mp.
You hit the hobgoblin.
The hobgoblin is poisoned.
You hit the hobgoblin.
The hobgoblin looks as sick as possible!
You kill the hobgoblin!
You hit the endoplasm.
A giant cockroach comes into view.
The endoplasm freezes you.
You are frozen.
You hit the endoplasm but do no damage.
The endoplasm closely misses you. 😕 HP[-4]
You take 4 damage, and now have 31/35 hp.
You hit the endoplasm.
You kill the endoplasm!
You have reached level 5! 😕 HP[+5]
You now have 40 max hp (+5).
You regained 5 hp, and now have 36/40 hp.
You see here a hobgoblin corpse.
You hit the giant cockroach.
The giant cockroach is poisoned.
The giant cockroach bites you. 😕 HP[-1] MP[+1]
You take 1 damage, and now have 35/40 hp.
You bite the giant cockroach!
You kill the giant cockroach!
No target in view!
Unknown command.
Your transformation is almost over.
Your transformation has ended. 😕 HP[+4] MP[+1]
You regained 4 hp, and now have 39/40 hp.
You see here a giant cockroach corpse.
j - a scroll labelled FUEXURIUNO 😎 HP[+1] MP[+2]
Your hp is fully restored (40).
Your mp is fully restored (8).
Unknown command.
An iguana comes into view.
An iguana is nearby!
An iguana is nearby!
Casting: Spider Form (quite dangerous; 19% risk of failure)
Confirm with . or Enter, or press ? or * to list all spells.
The spell is quite dangerous to miscast (19% risk of failure)!
Continue anyway? [Y]es or [N]o only, please.
The spell is quite dangerous to miscast (19% risk of failure)!
Continue anyway?
You turn into a venomous arachnid creature. 😎 MP[-3]
You lost 3 mp, and now have 5/8 mp.
You can't remove anything in your present form.
The helpless iguana fails to defend itself.
You hit the iguana but do no damage.
The iguana is poisoned.
The iguana misses you.
You hit the iguana but do no damage. The iguana bites you!
You barely miss the iguana. The iguana bites you!
* * * LOW HITPOINT WARNING * * *
😨 HP[-23]
You take 23 damage, and now have 17/40 hp.
MASSIVE DAMAGE!! (PAUSE)
You hit the iguana but do no damage.
The iguana looks as sick as possible!
Your transformation is almost over.
The iguana bites you!
* * * LOW HITPOINT WARNING * * *
😱 HP[-7] MP[+1]
You take 7 damage, and now have 10/40 hp.
You completely miss the iguana.
The iguana closely misses you. 😨 HP[+1] Unknown command.
You hit the iguana but do no damage.
The iguana looks as sick as possible!
The iguana closely misses you.
Unknown command.
You bite the iguana!
The iguana looks as sick as possible!
Unknown command.
The iguana attacks as you move away! The iguana bites you!
You die...

Skill      XL: |  1  2  3  4 |
---------------+-------------+-----
Transmutations | 3 |  3.5
Poison Magic   | 1 2 |  2.1
Fighting       | |  1.1
Dodging        | |  1.7
Unarmed Combat | |  3.6
Spellcasting   | |  2.6

Action                     |  1- 3 |  4- 6 || total
---------------------------+-------+-------++-------
  Melee: Unarmed           |   106 |    85 ||   191
         Kick              |    16 |     9 ||    25
         Headbutt          |    10 |     4 ||    14
         Tailslap          |     7 |     6 ||    13
   Cast: Beastly Appendage |    22 |    11 ||    33
         Spider Form       |     2 |     4 ||     6
         Wereblood         |     1 |     2 ||     3
    Use: Scroll            |     3 |     3 ||     6
         Potion            |     1 |       ||     1
   Stab: Sleeping          |       |     2 ||     2
 Armour: Skin              |    31 |    18 ||    49
  Dodge: Dodged            |    78 |    43 ||   121

Levels and vault maps discovered:
D:1:      lemuel_arrival_funnel, layout_loops_ring
D:2:      layout_loops_ring, basic_altar, nicolae_grassy_gnolls
D:3:      layout_basic, basic_ecumenical_altar, minmay_between
D:4:      layout_rooms, minmay_temple_entry_enclosed_plants

Notes
Turn   | Place    | Note
-------+----------+-------------------------------------------
     0 | D:1      | kae the Draconian Transmuter began the quest for the Orb.
     0 | D:1      | Reached XP level 1. HP: 16/16 MP: 3/3
     0 | D:1      | magus.rc [v1.11.3]
   148 | D:1      | Reached XP level 2. HP: 23/23 MP: 3/5
   598 | D:1      | Reached XP level 3. HP: 28/28 MP: 4/6
   601 | D:1      | Learned a level 2 spell: Wereblood
   605 | D:1      | Learned a level 3 spell: Spider Form
   931 | D:2      | Found a shadowy altar of Dithmenos.
   951 | D:2      | Reached skill level 3 in Transmutations
  1076 | D:2      | Identified the +2 sling of Faxirelo {freeze, Fragile rC+
                  | rCorr Int+3}
  1132 | D:2      | HP: 2/28 [gnoll/+0 flail (11)]
  1225 | D:1      | Reached skill level 1 in Poison Magic
  1265 | D:2      | Reached XP level 4. HP: 21/35 MP: 2/7
  2229 | D:3      | Reached skill level 2 in Poison Magic
  2341 | D:3      | You pick up a book of Burglary and begin reading...
  2341 | D:3      | You add the spells Passwall, Ensorcelled Hibernation and
                  | Swiftness to your library.
  2374 | D:3      | You add the spells Tukima's Dance, Passage of Golubria and
                  | Yara's Violent Unravelling to your library.
  2680 | D:3      | Found a faded altar of an unknown god.
  2769 | D:4      | Reached XP level 5. HP: 36/40 MP: 4/8
  2827 | D:4      | HP: 10/40 [iguana (7)]
  2832 | D:4      | Slain by an iguana

Vanquished Creatures
  3 gnolls (D:2)
  2 adders (D:3)
  A worm (D:3)
  2 dart slugs (D:2)
  4 orcs (D:3)
  3 ball pythons
  8 endoplasms
  3 giant cockroaches
  4 goblins
  6 hobgoblins
  13 jackals
  8 kobolds
  2 quokkas (D:2)
  5 bats
  2 frilled lizards
  4 rats
70 creatures vanquished.

Vanquished Creatures (others)
  9 plants (D:2)
9 creatures vanquished.

Grand Total: 79 creatures vanquished

Table legend:
 A = Non-vault XP
 B = Vault XP
 C = Vault XP percentage of total XP
 D = Non-vault monster count
 E = Vault monster count
 F = Vault count percentage of total count
                 A         B        C        D         E       F
            +---------+---------+-------+---------+---------+-------
      Total |     143 |      55 |  27.8 |      62 |       8 |  11.4
            +---------+---------+-------+---------+---------+-------
        D:1 |      47 |       0 |   0.0 |      26 |       0 |   0.0
        D:2 |      24 |      44 |  64.7 |      13 |       3 |  18.8
        D:3 |      66 |      11 |  14.3 |      20 |       5 |  20.0
        D:4 |       6 |       0 |   0.0 |       3 |       0 |   0.0
            +---------+---------+-------+---------+---------+-------

Illustrated notes

Table legend:
 A = Kills in this place as a percentage of kills in the entire game.
 B = Kills by you in this place as a percentage of kills by you in the entire game.
 C = Kills by friends in this place as a percentage of kills by friends in the entire game.
 D = Other kills in this place as a percentage of other kills in the entire game.
 E = Experience gained in this place as a percentage of experience gained in the entire game.
 F = Experience gained in this place divided by the number of levels of this place that you have seen.
                   A       B       C       D       E      F
               +-------+-------+-------+-------+-------+----------------------
         Total | 100.0 | 100.0 |   N/A |   N/A | 100.0 |  49.5
       Dungeon | 100.0 | 100.0 |   N/A |   N/A | 100.0 |  49.5
               +-------+-------+-------+-------+-------+----------------------

Table legend: (Time is in decaauts)
 A = Elapsed time spent in this place.
 B = Non-inter-level travel time spent in this place.
 C = Inter-level travel time spent in this place.
 D = Time resting spent in this place.
 E = Time spent auto-exploring this place.
 F = Levels seen in this place.
 G = Mean time per level.
                   A        B        C        D        E       F      G
               +--------+--------+--------+--------+--------+-----+--------+
         Total |   2824 |   2763 |     61 |     32 |   2177 |   4 |  706.0 |
       Dungeon |   2824 |   2763 |     61 |     32 |   2177 |   4 |  706.0 |
               +--------+--------+--------+--------+--------+-----+--------+

Top non-repeatable levels by time:
     D:3: 1065 daAuts
     D:2: 866 daAuts
     D:1: 822 daAuts
     D:4: 70 daAuts
